 Dungeon Crawl Stone Soup version 0.27.1-33-g824d729ab1 (webtiles) character file.

Game seed: 1076393560314064591

126 jlumianski the Ducker (level 5, -8/47 HPs)
             Began as a Gnoll Monk on Dec 21, 2021.
             Was a Believer of Okawaru.
             Killed from afar by Ijyb (11 damage)
             ... with a puff of flame
             ... on level 3 of the Dungeon.
             The game lasted 00:11:08 (2423 turns).

jlumianski the Ducker (Gnoll Monk)                  Turns: 2423, Time: 00:11:09

Health: -8/47      AC:  9    Str: 12    XL:     5   Next: 9%
Magic:  7/7        EV: 13    Int:  9    God:    Okawaru [**....]
Gold:   116        SH:  0    Dex: 14    Spells: 6/6 levels left

rFire    . . .     SeeInvis .   p - +2 dagger (drain)
rCold    . . .     Faith    .   (no shield)
rNeg     . . .     Spirit   .   k - +0 ring mail
rPois    .         Reflect  .   (no helmet)
rElec    .         Harm     .   (no cloak)
rCorr    .         Rampage  .   (no gloves)
Will     .....                  (no boots)
Stlth    ++........             (no amulet)
HPRegen  0.15/turn              m - +4 ring of protection
MPRegen  0.10/turn              (no ring)

@: no status effects
A: fangs 1, strong nose, distributed training
a: Renounce Religion, Heroism


You were on level 3 of the Dungeon.
You worshipped Okawaru.
Okawaru was pleased with you.
You visited 1 branch of the dungeon, and saw 4 of its levels.

You collected 116 gold pieces.

Inventory:

Hand Weapons
 a - a +0 hand axe
 p - a +2 dagger of draining (weapon)
Missiles
 d - 3 boomerangs
 e - 12 stones (quivered)
 o - 7 javelins
 q - 17 bolts
Armour
 b - a +0 robe
 k - a +0 ring mail (worn)
Magical Staves
 c - a staff of conjuration
Jewellery
 m - a +4 ring of protection (left hand)
Scrolls
 g - 2 scrolls of vulnerability
 l - a scroll of amnesia
 n - a scroll of blinking
Potions
 h - a potion of haste {unknown}
 j - a potion of curing {unknown}


   Skills:
 + Level 6.6 Fighting
 + Level 1.3 Short Blades
 + Level 1.3 Long Blades
 + Level 6.6 Axes
 + Level 1.3 Maces & Flails
 + Level 1.3 Polearms
 + Level 1.3 Staves
 + Level 1.3 Slings
 + Level 1.3 Bows
 + Level 1.3 Crossbows
 + Level 1.3 Throwing
 + Level 1.3 Armour
 + Level 6.6 Dodging
 + Level 4.3 Stealth
 + Level 1.3 Shields
 + Level 1.3 Unarmed Combat
 + Level 1.3 Spellcasting
 + Level 1.1 Conjurations
 + Level 1.1 Hexes
 + Level 1.1 Summonings
 + Level 1.1 Necromancy
 + Level 1.1 Translocations
 + Level 1.1 Transmutations
 + Level 1.1 Fire Magic
 + Level 1.1 Ice Magic
 + Level 1.1 Air Magic
 + Level 1.1 Earth Magic
 + Level 1.1 Poison Magic
 + Level 1.5 Invocations
 + Level 1.3 Evocations


You had 6 spell levels left.
You didn't know any spells.
Your spell library contained the following spells:

 Spells                   Type           Power      Damage    Failure   Level
 Freeze                   Ice            8%         1d3       45%         1
 Frozen Ramparts          Ice            4%         1d2       83%         3
 Hailstorm                Conj/Ice       2%         3d3       99%         4


Dungeon Overview and Level Annotations

Branches:
Dungeon (4/15)
 Temple: D:4-7

Altars:
Okawaru

Annotations:
D:3 Ijyb, Jessica, Sigmund
D:4 Grinder


Innate Abilities, Weirdness & Mutations

You have very sharp teeth.
Your uncanny sense of smell can sniff out nearby items.
Your experience applies equally to all skills.


Message History

You climb upwards.
Level annotation: Ijyb, Jessica, Sigmund
There is a stone staircase leading down here.
You miss the quokka. The quokka closely misses you. The quokka misses you.
You hit the quokka. Your punch misses the quokka.
The quokka is severely wounded.
The quokka misses you. The quokka barely misses you.
You hit the quokka but do no damage.
The quokka is severely wounded.
The quokka twitches its whiskers.
The quokka barely misses you. The quokka closely misses you. x2
You barely miss the quokka. Your bite misses the quokka.
The quokka is severely wounded.
The quokka bites you but does no damage.
The quokka barely misses you.
You barely miss the quokka.
The quokka is severely wounded.
The quokka completely misses you. The quokka bites you.
* * * LOW HITPOINT WARNING * * *
You hit the quokka.
You kill the quokka!
Okawaru accepts your kill. The quokka completely misses you.
You barely miss the quokka.
The quokka bites you but does no damage.
The adder hisses angrily.
You hit the quokka. You drain the quokka.
You kill the quokka!
Okawaru accepts your kill.
As you read the scroll of identify, it crumbles to dust.
l - a scroll of amnesia Blink to where?
Press: ? - help, Dir - move target
As you read the scroll labelled BETIECS LOIWK, it crumbles to dust.
It was a scroll of blinking.
Blink to where?
Press: ? - help, Dir - move target
As you read the scroll of blinking, it crumbles to dust.
Ijyb zaps a wand.
The puff of flame hits you!
You die...

##### ##...# ######### ##..#.#
#.....>.# #..##.# #....††.#
#####.###.# #.......# ......#
#.######.......# ##....#
#.#........S...# #.##.#
#...####.......##**
##.##.#*#.### ##@.........*
...##.##..# #...#######.##***
..........# ###.#..gg.......,,*
##....#####*#..r@.....###.##*,**
......# #..#.......#,,,,,*,,*
......# *#.##.......#,,,>,*,,*
.###..# #.^*#..........,,,,,,*
## *..#* #.**#.......#....,*,,*
# *...* *,*#.......)#.[..,*,,*


You could see Ijyb, an adder and a quokka (wandering).

Vanquished Creatures
  An orc wizard (D:3)
  2 adders
  2 worms (D:2)
  4 dart slugs
  7 orcs
  2 ball pythons
  3 bats (D:1)
  6 endoplasms
  A giant cockroach (D:1)
  7 goblins
  3 hobgoblins
  3 jackals (D:1)
  3 quokkas
  2 frilled lizards
  7 kobolds
  5 rats
58 creatures vanquished.

Notes
Turn   | Place    | Note
-------+----------+-------------------------------------------
     0 | D:1      | jlumianski the Gnoll Monk began the quest for the Orb.
     0 | D:1      | Reached XP level 1. HP: 23/23 MP: 1/1
   134 | D:1      | Reached XP level 2. HP: 13/29 MP: 2/2
   580 | D:1      | Reached XP level 3. HP: 31/35 MP: 3/3
   786 | D:1      | Found a faded altar of an unknown god.
  1090 | D:2      | Reached skill level 1 in Invocations
  1490 | D:2      | Reached skill level 1 in Short Blades
  1490 | D:2      | Reached skill level 1 in Long Blades
  1490 | D:2      | Reached skill level 1 in Maces & Flails
  1490 | D:2      | Reached skill level 1 in Polearms
  1490 | D:2      | Reached skill level 1 in Staves
  1490 | D:2      | Reached skill level 1 in Slings
  1490 | D:2      | Reached skill level 1 in Bows
  1490 | D:2      | Reached skill level 1 in Crossbows
  1490 | D:2      | Reached skill level 1 in Throwing
  1490 | D:2      | Reached skill level 1 in Armour
  1490 | D:2      | Reached skill level 1 in Shields
  1490 | D:2      | Reached skill level 1 in Unarmed Combat
  1490 | D:2      | Reached skill level 1 in Spellcasting
  1490 | D:2      | Reached skill level 1 in Evocations
  1490 | D:2      | Reached XP level 4. HP: 41/41 MP: 5/5
  1827 | D:3      | Noticed Jessica
  1835 | D:3      | Noticed Ijyb
  1841 | D:3      | Found an iron altar of Okawaru.
  2121 | D:3      | Became a worshipper of Warmaster Okawaru
  2121 | D:3      | Reached * piety under Okawaru
  2121 | D:3      | Reached ** piety under Okawaru
  2148 | D:3      | Reached skill level 1 in Conjurations
  2148 | D:3      | Reached skill level 1 in Hexes
  2148 | D:3      | Reached skill level 1 in Summonings
  2148 | D:3      | Reached skill level 1 in Necromancy
  2148 | D:3      | Reached skill level 1 in Translocations
  2148 | D:3      | Reached skill level 1 in Transmutations
  2148 | D:3      | Reached skill level 1 in Fire Magic
  2148 | D:3      | Reached skill level 1 in Ice Magic
  2148 | D:3      | Reached skill level 1 in Air Magic
  2148 | D:3      | Reached skill level 1 in Earth Magic
  2148 | D:3      | Reached skill level 1 in Poison Magic
  2217 | D:3      | Noticed Sigmund
  2313 | D:3      | Reached XP level 5. HP: 47/47 MP: 3/7
  2381 | D:4      | Noticed Grinder
  2396 | D:4      | Paralysed by Grinder for 7 turns
  2407 | D:4      | HP: 1/47 [quokka (3)]
  2413 | D:3      | HP: 1/47 [quokka (1)]
  2423 | D:3      | Killed from afar by Ijyb

Illustrated notes

Levels and vault maps discovered:
D:1:      dpeg_arrival_arbitrary_c, layout_rooms,
          dreamdust_ecumenical_altar_hidden_monk_grotto
D:2:      layout_rooms, chequers_arboretum
D:3:      cheibrodos_pilgrimage, layout_rooms, okawaru_gym_becter,
          kennysheep_path_1, st_stairs_3, uniq_jessica, uniq_sigmund, uniq_ijyb
D:4:      layout_gridville, nemelex_diamond_rough_becter,
          dancing_weapons_uskayaw, serial_shops, nicolae_stop_n_shop_1, shop,
          uniq_duvessa, uniq_pikel, uniq_grinder

Skill      XL: |  1  2  3  4 |
---------------+-------------+-----
Invocations    | 1 |  1.5
Short Blades   | 1 |  1.3
Long Blades    | 1 |  1.3
Maces & Flails | 1 |  1.3
Polearms       | 1 |  1.3
Staves         | 1 |  1.3
Slings         | 1 |  1.3
Bows           | 1 |  1.3
Crossbows      | 1 |  1.3
Throwing       | 1 |  1.3
Armour         | 1 |  1.3
Shields        | 1 |  1.3
Unarmed Combat | 1 |  1.3
Spellcasting   | 1 |  1.3
Evocations     | 1 |  1.3
Conjurations   | 1 |  1.1
Hexes          | 1 |  1.1
Summonings     | 1 |  1.1
Necromancy     | 1 |  1.1
Translocations | 1 |  1.1
Transmutations | 1 |  1.1
Fire Magic     | 1 |  1.1
Ice Magic      | 1 |  1.1
Air Magic      | 1 |  1.1
Earth Magic    | 1 |  1.1
Poison Magic   | 1 |  1.1
Fighting       | |  6.6
Axes           | |  6.6
Dodging        | |  6.6
Stealth        | |  4.3

Action                   |  1- 3 |  4- 6 || total
-------------------------+-------+-------++-------
Melee: Hand axe          |   112 |    23 ||   135
       Bite              |    13 |     9 ||    22
       Dagger            |       |    77 ||    77
       Punch             |       |     1 ||     1
Throw: Stone             |     2 |     5 ||     7
Invok: Heroism           |       |     1 ||     1
  Use: Potion            |     1 |     1 ||     2
       Scroll            |       |     6 ||     6
 Stab: Sleeping          |     5 |       ||     5
       Distracted        |     1 |       ||     1
Armor: Robe              |     6 |       ||     6
       Ring mail         |    22 |    65 ||    87
Dodge: Dodged            |    76 |    86 ||   162
